 Dungeon Crawl Stone Soup version 0.22-a0-305-gd21a89c (webtiles) character file.

3428 mhoghedin the Skirmisher (level 9, -4/72 HPs)
             Began as a Mummy Wizard on Mar 28, 2018.
             Was a Priest of Ashenzari.
             Slain by a two-headed ogre
             ... wielding a +0 giant club
              (27 damage)
             ... on level 8 of the Dungeon.
             The game lasted 00:26:11 (9857 turns).

mhoghedin the Skirmisher (Mummy Wizard)             Turns: 9857, Time: 00:26:11

Health: -4/72      AC:  6    Str: 10    XL:     9   Next: 76%
Magic:  3/17       EV: 14    Int: 20    God:    Ashenzari [***...]
Gold:   332        SH:  5    Dex: 11    Spells: 3/19 levels left

rFire    x . .     SeeInvis +   n - +3 flail (protect) (curse)
rCold    + . .     Gourm    .   v - +0 buckler (curse)
rNeg     + + +     Faith    +   s - +0 robe {MR+}
rPois    ∞         Spirit   .   b - +0 hat
rElec    .         Reflect  .   c - +0 cloak
rCorr    .         Harm     .   m - +1 pair of gloves
MR       ++...                  r - +0 pair of boots
Stlth    ++........             a - amulet of faith {Faith, !P}
HPRegen  0.22/turn              h - ring of wizardry (curse) {Wiz+, !d}
MPRegen  0.15/turn              (no ring)

@: no status effects
A: no food or potions, fire vulnerability, cold resistance 1, negative energy
resistance 3, torment resistance, unbreathing
a: Curse Item, Scrying, Renounce Religion


You were on level 8 of the Dungeon.
You worshipped Ashenzari.
Ashenzari was most pleased with you.
You were not hungry.

You visited 1 branch of the dungeon, and saw 8 of its levels.
You also visited: Sewer.

You collected 332 gold pieces.

Inventory:

Hand Weapons
 n - a cursed +3 flail of protection (weapon)
   (You took it off an orc on level 3 of the Dungeon)
Armour
 b - a +0 hat (worn)
 c - a +0 cloak (worn)
   (You found it on level 4 of the Dungeon)
 m - a +1 pair of gloves (worn)
   (You found it on level 3 of the Dungeon)
 r - a +0 pair of boots (worn)
   (You found it on level 5 of the Dungeon)
 s - a +0 robe of magic resistance (worn)
   (You found it on level 4 of the Dungeon)
 v - a cursed +0 buckler (worn)
   (You found it on level 3 of the Dungeon)
Jewellery
 a - an amulet of faith (around neck) {Faith, !P}
   (You found it on level 5 of the Dungeon)
 h - a cursed ring of wizardry (left hand) {Wiz+, !d}
   (You found it on level 2 of the Dungeon)
Wands
 g - a wand of paralysis (14)
   (You found it on level 2 of the Dungeon)
 o - a wand of acid (6)
   (You took it off Ijyb on level 3 of the Dungeon)
 p - a wand of iceblast (17)
   (You found it on level 4 of the Dungeon)
 t - a wand of random effects (45)
   (You found it on level 7 of the Dungeon)
Scrolls
 d - 3 scrolls of immolation {!r}
 e - 2 scrolls of blinking {!r}
 f - 2 scrolls of remove curse
 i - 2 scrolls of enchant weapon
 j - 8 scrolls of teleportation
 k - a scroll of magic mapping {!r}
 l - a scroll of fear
 q - 3 scrolls of identify
 u - a scroll of amnesia {unknown}


   Skills:
 + Level 7.5 Fighting
 + Level 5.6(8.5) Maces & Flails
 + Level 6.0 Dodging
 - Level 1.5 Stealth
 - Level 2.9(4.5) Shields
 - Level 5.7 Spellcasting
 - Level 2.7 Conjurations
 - Level 1.0 Hexes
 - Level 0.7 Summonings
 - Level 0.7 Translocations


You had 3 spell levels left.
You knew the following spells:

 Your Spells              Type           Power        Failure   Level  Hunger
a - Magic Dart            Conj           ###.         1%          1    N/A
b - Blink                 Tloc           N/A          4%          2    N/A
c - Call Imp              Summ           #.......     4%          2    N/A
d - Conjure Flame         Conj/Fire      ##......     8%          3    N/A
e - Tukima's Dance        Hex            #.......     9%          3    N/A
s - Slow                  Hex            #.......     4%          2    N/A
x - Mephitic Cloud        Conj/Pois/Air  #.......     9%          3    N/A

Dungeon Overview and Level Annotations

Branches:
Dungeon (8/15)             Temple (0/1) D:5
   Lair: D:8-11

Altars:
Ashenzari
Kikubaaqudgha
Nemelex Xobeh
Sif Muna
The Shining One

Annotations:
D:8 Joseph


Innate Abilities, Weirdness & Mutations

You do not eat or drink.
Your flesh is vulnerable to fire.
You are immune to poison.
Your flesh is cold resistant. (rC+)
You are immune to negative energy. (rN+++)
You are immune to unholy pain and torment.
You can survive without breathing.


Message History

The stinking cloud engulfs the wyvern zombie.
The wyvern zombie appears unharmed.
The stinking cloud engulfs you!
The leopard gecko is engulfed in noxious fumes.
The leopard gecko appears confused.
You now have 14/17 mp.
You sock the leopard gecko!
You kill the leopard gecko!
The wyvern zombie bites you but does no damage.
You hit the wyvern zombie. The wyvern zombie bites you. x2
You take 6 damage, and have 62/72 hp.
You barely miss the wyvern zombie. The wyvern zombie bites you.
You take 5 damage, and have 57/72 hp.
You hit the wyvern zombie. You block the wyvern zombie's attack.
You barely miss the wyvern zombie. The wyvern zombie misses you.
You hit the wyvern zombie. The wyvern zombie closely misses you.
You thump the wyvern zombie! The wyvern zombie barely misses you.
The wyvern zombie bites you.
You take 2 damage, and have 56/72 hp.
You hit the wyvern zombie. The wyvern zombie barely misses you.
A wraith comes into view.
You hit the wyvern zombie but do no damage.
The wyvern zombie misses you.
You barely miss the wyvern zombie. You block the wyvern zombie's attack.
The wyvern zombie bites you!
You take 12 damage, and have 45/72 hp.
The wraith closely misses you.
The fire ignites!
You now have 13/17 mp.
The wyvern zombie is engulfed in blazing flames.
You destroy the wyvern zombie!
Something hits the bush but does no damage.
There is a stone staircase leading up here.
Something hits the bush!
You climb upwards.
There is a stone staircase leading down here.
You start resting.
Health restored: 72; MP restored: 17
There is an open door here.
There is an open door here.
There is a stone staircase leading down here.
You climb downwards.
Level annotation: Joseph
There is a stone staircase leading up here.
You see here an uncursed ring mail.
j - 7 scrolls of teleportation (gained 1)
j - 8 scrolls of teleportation (gained 1)
A two-headed ogre comes into view. It is wielding two giant clubs.
Aim: a two-headed ogre, wielding two giant clubs (chance to defeat MR: 27%)
The giant club dances into the air!
You now have 14/17 mp.
Something hits your giant club!!
Aim: a two-headed ogre, wielding a giant club (chance to defeat MR: 27%)
The two-headed ogre easily resists.
You now have 11/17 mp.
Aim: a two-headed ogre, wielding a giant club (chance to defeat MR: 27%)
The two-headed ogre easily resists.
You now have 8/17 mp.
Aim: a two-headed ogre, wielding a giant club (chance to defeat MR: 27%)
You miscast Tukima's Dance.
You are very lightly contaminated with residual magic.
Your hands glow momentarily.
The two-headed ogre misses you. The two-headed ogre barely misses you.
You now have 5/17 mp.
Aim: a two-headed ogre, wielding a giant club The ball explodes into a vile cloud!
The stinking cloud engulfs the two-headed ogre.
The stinking cloud engulfs you!
You now have 3/17 mp.
You hit the two-headed ogre.
Your weapon exudes an aura of protection.
The two-headed ogre is engulfed in noxious fumes.
The two-headed ogre appears confused.
You hit the two-headed ogre. You hit the two-headed ogre.
A wight comes into view.
It is wielding an enchanted great sword.
The two-headed ogre hits you with a giant club!
You block the two-headed ogre's attack.
Found a stone staircase leading down.
You take 12 damage, and have 60/72 hp.
You hit the two-headed ogre. You sock the two-headed ogre!
The two-headed ogre seems less confused.
The two-headed ogre hits you with a giant club!
The two-headed ogre hits you with a giant club!!
You take 32 damage, and have 28/72 hp.
MASSIVE DAMAGE!!
Aim: a wight, wielding an enchanted great sword and wearing a robe (chance to defeat MR: 44%)
The wight resists with some effort.
The two-headed ogre hits you with a giant club!
* * * LOW HITPOINT WARNING * * *
The two-headed ogre completely misses you.
You take 8 damage, and have 20/72 hp.
You now have 1/17 mp.
Aim: a wight, wielding an enchanted great sword and wearing a robe The mass of ice explodes!
The iceblast engulfs the two-headed ogre.
The iceblast engulfs the wight.
Your magical contamination has completely faded away.
Okay, then.
Unknown command.
The two-headed ogre hits you with a giant club!!
You die...

#....##.###### ###
#.#####......###..
#.#####...........
#.............##..
#.#####.......##.[
#.# #........#..
#z# #.#...#..#..
#O# #...........
#@# #(......<..#
#.#* ##.....#.###
#.. ##...##.# *
***#### * ##.###.#
,, .. #.# * ,, ,*
*** *##*** #.# * +
+ ** * #.# , ,*
..# , *


You could see a two-headed ogre and a wight.

Vanquished Creatures
  A two-headed ogre (D:7)
  Grinder (D:4)
  A hippogriff (D:3)
  Sigmund (D:6)
  A water moccasin (D:7)
  An ice beast (D:7)
  3 ogres
  2 phantoms
  2 sky beasts
  A centaur (D:5)
  A bullfrog (D:7)
  A wyvern zombie (D:8)
  A wight (D:6)
  3 crimson imps
  A quasit (D:5)
  2 bullfrog skeletons (D:5)
  A jelly (D:5)
  3 hounds
  2 orc priests
  Ijyb (D:3)
  2 iguanas
  12 orc wizards
  4 worker ants
  13 adders
  2 oozes
  A worm (D:2)
  3 dart slugs
  9 leopard geckos
  15 orcs
  4 giant cockroaches
  6 goblins
  5 hobgoblins
  19 jackals
  4 quokkas
  7 ball pythons
  9 bats
  6 frilled lizards
  8 kobolds
  10 rats
  2 plants (Sewer)
171 creatures vanquished.

Vanquished Creatures (collateral kills)
  A bullfrog (D:7)
  2 wights (D:6)
  3 orc wizards (D:7)
  A worker ant (D:3)
  4 adders
  An ooze (D:3)
  6 orcs
  2 goblins (D:3)
  7 jackals
  2 kobolds
  A rat (D:2)
30 creatures vanquished.

Vanquished Creatures (others)
  3 dancing weapons
  An orc (D:8)
  A giant cockroach (D:5)
  2 plants
7 creatures vanquished.

Grand Total: 208 creatures vanquished

Notes
Turn   | Place    | Note
-------+----------+-------------------------------------------
     0 | D:1      | mhoghedin the Mummy Wizard began the quest for the Orb.
     0 | D:1      | Reached XP level 1. HP: 13/13 MP: 5/5
   233 | D:1      | Found a shattered altar of Ashenzari.
   254 | D:1      | Became a worshipper of Ashenzari the Shackled
   382 | D:1      | Reached XP level 2. HP: 19/19 MP: 7/7
   566 | D:1      | Learned a level 2 spell: Blink
   569 | D:1      | Learned a level 2 spell: Call Imp
   703 | D:1      | Reached skill level 5 in Spellcasting
  1307 | D:2      | Reached XP level 3. HP: 17/24 MP: 1/9
  1461 | D:1      | Learned a level 3 spell: Conjure Flame
  1465 | D:1      | Learned a level 3 spell: Mephitic Cloud
  1808 | D:2      | Learned a level 2 spell: Slow
  2275 | D:2      | Reached skill level 1 in Conjurations
  2326 | D:2      | Reached XP level 4. HP: 18/30 MP: 1/11
  2848 | D:3      | Reached skill level 2 in Conjurations
  3203 | D:3      | Noticed a hippogriff
  3225 | D:3      | Killed a hippogriff
  3225 | D:3      | Reached skill level 2 in Fighting
  3225 | D:3      | Reached skill level 2 in Dodging
  3225 | D:3      | Reached XP level 5. HP: 39/39 MP: 1/13
  3225 | D:3      | Reached XP level 6. HP: 46/46 MP: 1/14
  3862 | D:3      | Learned a level 3 spell: Tukima's Dance
  3956 | D:3      | Noticed a sky beast
  3985 | D:3      | Reached skill level 1 in Hexes
  4072 | D:3      | Killed a sky beast
  4072 | D:3      | Reached skill level 3 in Fighting
  4072 | D:3      | Reached skill level 1 in Maces & Flails
  4185 | D:3      | Noticed Ijyb
  4219 | D:3      | Killed Ijyb
  4384 | D:4      | Reached XP level 7. HP: 48/52 MP: 11/15
  4551 | D:4      | Reached skill level 4 in Fighting
  4551 | D:4      | Reached skill level 2 in Maces & Flails
  4651 | D:4      | Reached * piety under Ashenzari
  4672 | D:4      | Noticed Grinder
  5232 | D:4      | Killed Grinder
  5232 | D:4      | Reached skill level 3 in Maces & Flails
  5414 | D:4      | Reached skill level 5 in Fighting
  5600 | D:5      | Entered Level 5 of the Dungeon
  5603 | D:5      | Reached XP level 8. HP: 43/62 MP: 14/16
  5711 | D:5      | Found a glowing golden altar of the Shining One.
  5741 | D:5      | Found a sparkling altar of Nemelex Xobeh.
  5771 | D:5      | Found a glowing drain.
  5801 | Sewer    | Entered a sewer
  5888 | Sewer    | Reached skill level 3 in Dodging
  6418 | D:5      | Found a staircase to the Ecumenical Temple.
  6492 | D:5      | Reached skill level 4 in Maces & Flails
  6503 | D:5      | Reached skill level 6 in Fighting
  7250 | D:6      | Found an ancient bone altar of Kikubaaqudgha.
  7266 | D:6      | Reached ** piety under Ashenzari
  7316 | D:6      | Noticed Sigmund
  7323 | D:6      | Killed Sigmund
  7323 | D:6      | Reached skill level 4 in Dodging
  8341 | D:7      | Reached skill level 1 in Shields
  8341 | D:7      | Reached XP level 9. HP: 66/71 MP: 13/17
  8491 | D:7      | Found a deep blue altar of Sif Muna.
  8592 | D:7      | Reached skill level 2 in Shields
  8836 | D:7      | Reached skill level 5 in Dodging
  8953 | D:7      | Reached *** piety under Ashenzari
  9300 | D:8      | Noticed Joseph
  9326 | D:7      | Reached skill level 5 in Maces & Flails
  9347 | D:8      | Noticed a two-headed ogre
  9373 | D:7      | Killed a two-headed ogre
  9373 | D:7      | Reached skill level 7 in Fighting
  9629 | D:8      | Reached skill level 6 in Dodging
  9827 | D:8      | Noticed a two-headed ogre
  9857 | D:8      | Slain by a two-headed ogre

Vault maps used:
D:1:      minmay_arrival_nine_rooms, evilmike_ruin_ashenzari
D:2:      minmay_diamond_boxcup
D:3:      saegor_snake_ambush, uniq_ijyb
D:4:      first_ration, uniq_grinder
D:5:      nicolae_overflow_crystal_walls, nemelex_xobeh_ov_fountains_minmay,
          lemuel_temple_firewalk_b, portal_sewer_entry_f
D:6:      lemuel_doored_altar, serial_co_window_serial, co_window_corner_a,
          co_window_of_opportunity_a, co_window_paths_a,
          co_window_of_opportunity_a, co_window_paths_b, co_window_corner_b,
          co_window_2corner, co_window_corner_ca, co_window_4corner_a,
          co_window_4corner_b, minivault_23, uniq_sigmund
D:7:      minmay_flawed_box, kennysheep_mini_moat
D:8:      hangedman_ranch, serial_bayou_pond_d, fedhas_bush_and_centaur_altar,
          uniq_joseph
Sewer:    sewer_co_scattered_pipes

Skill      XL: |  1  2  3  4  5  6  7  8  9 |
---------------+----------------------------+-----
Spellcasting   | 5 |  5.7
Conjurations   | 1 2 |  2.7
Fighting       | 2 3 5 6 7 |  7.5
Dodging        | 2 4 6 |  6.0
Hexes          | 1 |  1.0
Maces & Flails | 1 3 4 5 |  5.6
Shields        | 1 2 |  2.9
Stealth        | |  1.5
Summonings     | |  0.7
Translocations | |  0.7

Action                   |  1- 3 |  4- 6 |  7- 9 || total
-------------------------+-------+-------+-------++-------
Melee: Club              |    55 |    24 |       ||    79
       Unarmed           |     1 |       |       ||     1
       Flail             |       |    61 |   538 ||   599
 Cast: Magic Dart        |    67 |    43 |     4 ||   114
       Call Imp          |    11 |    13 |    17 ||    41
       Mephitic Cloud    |     5 |    14 |    15 ||    34
       Conjure Flame     |     4 |     7 |     4 ||    15
       Tukima's Dance    |       |     1 |    16 ||    17
       Slow              |       |     1 |       ||     1
Invok: Curse Item        |     1 |     1 |     1 ||     3
Evoke: Wand              |       |       |    11 ||    11
  Use: Scroll            |       |     5 |     3 ||     8
 Stab: Confused          |     1 |     5 |     3 ||     9
       Distracted        |     1 |       |       ||     1
       Paralysed         |       |       |     6 ||     6
       Sleeping          |       |       |     4 ||     4
Armor: Robe              |    21 |    29 |   168 ||   218
Dodge: Dodged            |    97 |    91 |   336 ||   524
Block: Buckler           |       |       |    29 ||    29

Table legend:
 A = Spawn XP
 B = Non-spawn XP
 C = Spawn XP percentage of total XP
 D = Spawn monster count
 E = Non-spawn monster count
 F = Spawn count percentage of total count
 G = Total turns spent on level
                    A         B        C        D         E        F      G
               +---------+---------+-------+---------+---------+-------+---------
         Total |       0 |    4898 |   0.0 |       0 |     200 |   0.0 |  9857
               +---------+---------+-------+---------+---------+-------+---------
           D:1 |       0 |      32 |   0.0 |       0 |      21 |   0.0 |  1437
           D:2 |       0 |      76 |   0.0 |       0 |      24 |   0.0 |  1205
           D:3 |       0 |     621 |   0.0 |       0 |      43 |   0.0 |  2014
           D:4 |       0 |     660 |   0.0 |       0 |      17 |   0.0 |  1025
           D:5 |       0 |     581 |   0.0 |       0 |      20 |   0.0 |   941
           D:6 |       0 |     616 |   0.0 |       0 |      12 |   0.0 |  1065
           D:7 |       0 |    2111 |   0.0 |       0 |      34 |   0.0 |  1446
           D:8 |       0 |     130 |   0.0 |       0 |       4 |   0.0 |   136
         Sewer |       0 |      71 |   0.0 |       0 |      25 |   0.0 |   588
               +---------+---------+-------+---------+---------+-------+---------

Vault maps used:
D:1:      minmay_arrival_nine_rooms, evilmike_ruin_ashenzari
D:2:      minmay_diamond_boxcup
D:3:      saegor_snake_ambush, uniq_ijyb
D:4:      first_ration, uniq_grinder
D:5:      nicolae_overflow_crystal_walls, nemelex_xobeh_ov_fountains_minmay,
          lemuel_temple_firewalk_b, portal_sewer_entry_f
D:6:      lemuel_doored_altar, serial_co_window_serial, co_window_corner_a,
          co_window_of_opportunity_a, co_window_paths_a,
          co_window_of_opportunity_a, co_window_paths_b, co_window_corner_b,
          co_window_2corner, co_window_corner_ca, co_window_4corner_a,
          co_window_4corner_b, minivault_23, uniq_sigmund
D:7:      minmay_flawed_box, kennysheep_mini_moat
D:8:      hangedman_ranch, serial_bayou_pond_d, fedhas_bush_and_centaur_altar,
          uniq_joseph
Sewer:    sewer_co_scattered_pipes

Table legend:
 A = Turns spent in this place as a percentage of turns spent in the entire game.
 B = Non-inter-level travel turns spent in this place as a percentage of non-inter-level travel turns spent in the entire game.
 C = Inter-level travel turns spent in this place as a percentage of turns spent in this place.
 D = Turns resting spent in this place as a percentage of non-inter-level travel turns spent in this place.
 E = Turns spent auto-exploring this place as a percentage of non-inter-level travel turns spent in this place.
 F = Non-inter-level travel turns spent in this place divided by the number of levels of this place that you've seen.
                   A       B       C       D       E      F
               +-------+-------+-------+-------+-------+----------------------
         Total | 100.0 | 100.0 |   4.4 |  31.0 |  43.6 | 1046.9
       Dungeon |  94.0 |  93.8 |   4.7 |  33.1 |  42.2 | 1104.2
         Sewer |   6.0 |   6.2 |   0.0 |   0.0 |  63.3 | 588.0
               +-------+-------+-------+-------+-------+----------------------

Table legend:
 A = Kills in this place as a percentage of kills in entire the game.
 B = Kills by you in this place as a percentage of kills by you in the entire game.
 C = Kills by friends in this place as a percentage of kills by friends in the entire game.
 D = Other kills in this place as a percentage of other kills in the entire game.
 E = Experience gained in this place as a percentage of experience gained in the entire game.
 F = Experience gained in this place divided by the number of levels of this place that you have seen.
                   A       B       C       D       E      F
               +-------+-------+-------+-------+-------+----------------------
         Total | 100.0 | 100.0 | 100.0 | 100.0 | 100.0 | 544.2
       Dungeon |  87.5 |  85.3 |  96.7 | 100.0 |  98.6 | 603.4
         Sewer |  12.5 |  14.7 |   3.3 |   0.0 |   1.4 |  71.0
               +-------+-------+-------+-------+-------+----------------------
